AoeStats
← El Fantasma de Pancho Villa

Pilgrims

508008567Analyzed
4v4 RM · 12d ago on Sep 20, 2026· 45m 42s· 8 players
Game mode
Random Map
Map size
Large (8 player)
Population
200
Speed
Normal
Resources
Standard
Victory
Conquest
Starting age
Dark Age
Ending age
Imperial Age
RankedLock teamsTeams togetherTeam positionsShared explorationLock speedFull tech treeHidden civsTurbo modeCheats
Victory
Defeat
🇨🇴 Vikings · Colombia
1168
+12
🇺🇸 Cumans · United States
1137
+13
🇩🇪 Italians · Germany
1119
+14
🇮🇹 Mongols · Italy
1047
+18
🇪🇸 Britons · Spain
1092
-15
🇬🇧 Franks · United Kingdom
1075
-14
🇬🇧 Vikings · United Kingdom
1074
-14
🇬🇧 Huns · United Kingdom
1062
-14
40LD_J0m3R
5:49 Loom
13:37 Feudal Age
14:26 Double-Bit Axe
15:26 Fletching
16:08 Padded Archer Armor
16:08 Town Watch
17:02 Wheelbarrow
23:06 Castle Age
22:29 Horse Collar
23:20 Crossbowman
24:34 Bodkin Arrow
26:19 Leather Archer Armor
27:55 Hand Cart
28:48 Ballistics
34:40 Gold Mining
37:18 Masonry
Gamer_90_
4:22 Loom
13:00 Feudal Age
14:19 Wheelbarrow
16:48 Double-Bit Axe
27:53 Castle Age
dyogomask2
5:43 Loom
13:17 Feudal Age
14:30 Fishing Lines
16:48 Town Watch
16:26 Man-at-Arms
20:17 Double-Bit Axe
20:48 Arson
22:32 Forging
22:22 Scale Mail Armor
22:14 Fletching
36:36 Castle Age
39:17 Bodkin Arrow
39:36 Horse Collar
40:40 Heavy Plow
punctuletzzz1
5:02 Loom
13:46 Feudal Age
17:39 Man-at-Arms
21:38 Wheelbarrow
24:03 Castle Age
23:18 Gold Mining
29:48 Bloodlines
30:37 Town Watch
33:04 Horse Collar
33:46 Husbandry
36:38 Hand Cart
41:21 Imperial Age
39:44 Gold Shaft Mining
38:59 Stone Mining
40:11 Scale Barding Armor
39:58 Fletching
40:19 Forging
41:48 Cavalier
Mr. FU
4:26 Loom
9:43 Feudal Age
15:03 Wheelbarrow
14:14 Double-Bit Axe
19:17 Castle Age
18:05 Horse Collar
22:53 Hand Cart
23:25 Fishing Lines
24:46 Medium Warships
26:02 Heavy Plow
26:22 Gold Mining
28:07 Bloodlines
27:57 Husbandry
28:08 Scale Barding Armor
28:14 Forging
29:08 Bow Saw
30:25 Iron Casting
30:10 Chain Barding Armor
34:11 Imperial Age
31:59 Fletching
33:25 Stone Mining
34:21 Gillnets
35:40 Plate Barding Armor
36:06 Blast Furnace
35:14 Cavalier
36:35 Crop Rotation
37:07 Two-Man Saw
37:29 Stone Shaft Mining
38:15 Bodkin Arrow
38:21 Padded Archer Armor
38:29 Light Cavalry
39:24 Masonry
38:55 Treadmill Crane
39:38 Ballistics
40:09 Hussar
41:20 Bracer
41:17 Guard Tower
41:16 Arrowslits
42:14 Conscription
43:15 Heavy Warships
43:54 Chemistry
43:05 Fortified Wall
El Fantasma de Pancho Villa
6:47 Loom
16:56 Feudal Age
18:32 Scale Mail Armor
18:19 Man-at-Arms
21:04 Forging
25:39 Fletching
30:26 Castle Age
30:03 Bloodlines
30:30 Scale Barding Armor
31:19 Double-Bit Axe
33:28 Chain Barding Armor
34:47 Iron Casting
34:26 Gold Mining
35:18 Light Cavalry
SuperDomeDome
6:20 Loom
9:57 Feudal Age
14:35 Gold Mining
17:15 Castle Age
15:52 Double-Bit Axe
16:29 Fishing Lines
17:15 Stone Mining
18:51 Medium Warships
19:15 Gillnets
22:54 Bow Saw
23:22 Gold Shaft Mining
23:40 Fletching
24:18 Ballistics
24:52 Padded Archer Armor
25:09 Bodkin Arrow
26:25 Husbandry
27:44 Leather Archer Armor
27:43 Bloodlines
39:58 Imperial Age
38:02 Masonry
40:50 Wheelbarrow
40:59 Conscription
40:13 Capped Ram
40:27 Elite Mangudai
41:26 Bracer
43:43 Drill
44:32 Chemistry
karv.oficial
5:10 Loom
13:14 Feudal Age
13:19 Man-at-Arms
24:43 Castle Age
32:44 Stone Mining
32:46 Gold Mining
39:08 Fishing Lines
40:44 Gillnets
43:44 Gambesons
43:45 Arson
44:02 Squires
43:23 Long Swordsman
43:24 Pikeman
44:50 Forging
44:40 Scale Mail Armor
46:10 Iron Casting
48:36 Imperial Age
Connection lost

Rejoining the realm…

Still unreachable

The connection could not be restored.

Session expired

The server has moved on; the page needs a fresh start.